AoeStats
← freddych0p

Arabia

510415247Analyzed
1v1 RM · 1d ago on Sep 30, 2026· 47m 19s· 2 players
Game mode
Random Map
Map size
Tiny (2 player)
Population
200
Speed
Normal
Resources
Standard
Victory
Conquest
Starting age
Dark Age
Ending age
Imperial Age
RankedLock teamsTeams togetherTeam positionsShared explorationLock speedFull tech treeHidden civsTurbo modeCheats
Victory
Defeat
🇵🇹 Hindustanis · Portugal
1253
+17
🇺🇸 Aztecs · United States
1274
-17
darkdavixi
6:29 Loom
8:40 Feudal Age
12:43 Double-Bit Axe
16:31 Fletching
18:24 Horse Collar
20:28 Padded Archer Armor
25:02 Castle Age
23:48 Scale Barding Armor
24:22 Gold Mining
25:01 Crossbowman
25:48 Thumb Ring
25:43 Bodkin Arrow
30:49 Ballistics
34:11 Wheelbarrow
34:47 Bow Saw
35:25 Leather Archer Armor
36:04 Hand Cart
39:44 Imperial Age
37:01 Town Watch
39:46 Chain Barding Armor
39:37 Forging
39:52 Bloodlines
39:42 Husbandry
39:30 Light Cavalry
41:26 Chemistry
41:40 Bracer
42:11 Ring Archer Armor
43:01 Plate Barding Armor
42:00 Hussar
46:07 Iron Casting
46:50 Conscription
48:20 Blast Furnace
freddych0p
6:22 Loom
9:50 Feudal Age
9:54 Man-at-Arms
10:37 Double-Bit Axe
14:09 Horse Collar
15:40 Padded Archer Armor
15:59 Fletching
23:15 Castle Age
21:25 Gold Mining
21:37 Scale Mail Armor
22:14 Forging
23:16 Crossbowman
23:18 Elite Skirmisher
23:57 Bodkin Arrow
24:16 Bow Saw
25:25 Eagle Warrior
26:07 Squires
27:38 Leather Archer Armor
30:51 Chain Mail Armor
35:15 Iron Casting
37:55 Wheelbarrow
39:39 Atlatl
40:49 Ballistics
45:01 Imperial Age
43:03 Pikeman
44:37 Gold Shaft Mining
45:10 Arbalester
46:51 Chemistry
45:54 Bracer
46:45 Conscription
47:11 Plate Mail Armor
47:42 Blast Furnace
Connection lost

Rejoining the realm…

Still unreachable

The connection could not be restored.

Session expired

The server has moved on; the page needs a fresh start.